 Dungeon Crawl Stone Soup version 0.31.0-12-g77e489cdc1 (webtiles) character file.

Game seed: 1535836717126678743

61536 Ijustatesigmund the Geomancer (level 15, -5/88 (93) HPs)
             Began as a Gargoyle Earth Elementalist on Feb 15, 2024.
             Was an Elder of Vehumet.
             Killed from afar by a starcursed mass (12 damage)
             ... with an accursed screaming
             ... on level 2 of the Abyss on Feb 19, 2024.
             The game lasted 01:09:07 (20247 turns).

Ijustatesigmund the Geomancer (GrEE)               Turns: 20247, Time: 01:09:08

HP:   -5/88 (93)    AC: 39    Str: 12      XL:     15   Next: 3%
MP:   2/23          EV: 12    Int: 22 (23) God:    Vehumet [****..]
Gold: 1364          SH:  6    Dex: 10      Spells: 18/35 levels left

rFire   . . .        e - +7 morningstar (protect)
rCold   + . .        l - +2 buckler
rNeg    + . .        E - quicksilver dragon scales "Giuheam" {rC+ Will+ Regen+}
rPois   ∞            (no helmet)
rElec   +            g - +0 cloak {Will+}
rCorr   +            c - +1 pair of gloves of Conscience {Will- Regen+ SInv}
SInv    +            Y - +0 pair of boots
Will    ++...        (no amulet)
Stlth   +            D - +4 ring of protection
HPRegen 1.94/turn    p - ring of resist corrosion
MPRegen 0.18/turn

%: no passive effects
@: under a protective aura, flying, hasted, drained, very quick
A: sickness immunity, AC +11, big wings, negative energy resistance 1,
electricity resistance, torment resistance 1, petrification resistance,
(teleportitis 1), [low MP 2], [inability to read after injury 1]
a: Renounce Religion


You were on level 2 of the Abyss.
You worshipped Vehumet.
Vehumet was greatly pleased with you.
You visited 2 branches of the dungeon, and saw 16 of its levels.
You visited the Abyss 1 time.
You also visited: Bailey and Gauntlet.

You collected 1376 gold pieces.
You spent 12 gold pieces at shops.

Inventory:

Hand Weapons
 e - a +7 morningstar of protection (weapon)
Missiles
 w - a throwing net
Armour
 a - the +1 steam dragon scales of Card Tricks {rN+ Will++}
   (You found it in a bailey)

   rN+:       It protects you from negative energy.
   Will++:    It greatly increases your willpower.
 c - the +1 pair of gloves of Conscience (worn) {Will- Regen+ SInv}
   (You acquired it on level 7 of the Dungeon)

   Will-:     It decreases your willpower.
   SInv:      It lets you see invisible.
   Regen+:    It increases your rate of health regeneration.
 g - a +0 cloak of willpower (worn)
 l - a +2 buckler (worn)
 y - the +5 scale mail "Etinijem" {^Contam rElec rC+++ rCorr}
   (You found it in a Gauntlet)

   rC+++:     It renders you almost immune to cold.
   rElec:     It insulates you from electricity.
   ^Contam:   It causes magical contamination when unequipped.
   rCorr:     It protects you from acid and corrosion.
 C - the +5 fire dragon scales of the Armoured One {rElec rF++ rC- Str-4 Dex+4 Stlth+}
   (You found it in a bailey)

   Str-4:     It affects your strength (-4).
   Dex+4:     It affects your dexterity (+4).
   rF++:      It greatly protects you from fire.
   rC-:       It makes you vulnerable to cold.
   rElec:     It insulates you from electricity.
   Stlth+:    It makes you more stealthy.
 E - the quicksilver dragon scales "Giuheam" (worn) {rC+ Will+ Regen+}
   (You found it in a bailey)

   rC+:       It protects you from cold.
   Will+:     It increases your willpower.
   Regen+:    It increases your rate of health regeneration.
 Y - a +0 pair of boots (worn)
Magical Staves
 O - a staff of earth
Jewellery
 p - a ring of resist corrosion (right hand)
 q - a +6 ring of strength
 A - a ring of see invisible
 D - a +4 ring of protection (left hand)
 G - an amulet of regeneration
 I - a ring of ice
 K - a ring of protection from fire
 T - a ring of willpower
 U - a ring of magical power
 W - a ring of protection from fire
Wands
 j - a wand of charming (1)
 s - a wand of flame (11)
 t - a wand of mindburst (17)
 u - a wand of digging (11)
 x - a wand of light (2)
 B - a wand of polymorph (15)
Scrolls
 f - 3 scrolls of poison
 m - 5 scrolls of amnesia
 r - 2 scrolls of torment
 J - 2 scrolls of vulnerability
 Q - a scroll of brand weapon
 V - 2 scrolls of revelation
 X - a scroll of identify
Potions
 b - a potion of magic
 d - 2 potions of resistance
 i - a potion of ambrosia
 k - 5 potions of might
 o - 3 potions of curing
 v - a potion of cancellation
 F - 2 potions of enlightenment
 L - a potion of mutation
 N - a potion of berserk rage
 P - a potion of lignification
 R - 2 potions of brilliance
Miscellaneous
 z - a phantom mirror
 M - a tin of tremorstones (2/2)


   Skills:
 - Level 10.5 Fighting
 + Level 6.9 Maces & Flails
 - Level 7.4 Armour
 - Level 8.0 Dodging
 - Level 2.1 Stealth
 - Level 3.5 Shields
 + Level 10.8 Spellcasting
 + Level 12.8 Conjurations
 + Level 3.8 Translocations
 + Level 0.4 Fire Magic
 - Level 13.1 Earth Magic
 - Level 3.5 Evocations


You had 18 spell levels left.
You knew the following spells:

 Your Spells              Type           Power      Damage    Failure   Level
a - Sandblast             Erth           100%       2d20      1%          1
b - Stone Arrow           Conj/Erth      100%       3d13      1%          3
c - Iskenderun's Mystic   Conj/Tloc      48%        2d11      1%          4
d - Starburst             Conj/Fire      20%        6d7       36%         6
e - Passwall              Erth           63%        N/A       1%          3

Your spell library contained the following spells:

 Spells                   Type           Power      Damage    Failure   Level
 Freezing Cloud           Conj/Ice/Air   15%        6-21      19%         5
 Foxfire                  Conj/Fire      100%       2x1d9     1%          1
 Brom's Barrelling Bould  Conj/Erth      62%        2d8       1%          4
 Apportation              Tloc           56%        N/A       3%          1
 Fulminant Prism          Conj/Alch      20%        3d12      3%          4
 Volatile Blastmotes      Fire/Tloc      42%        2d13      5%          3
 Arcjolt                  Conj/Air       20%        1d30      9%          5
 Petrify                  Alch/Erth      40%        N/A       11%         4
 Summon Small Mammal      Summ           44%        N/A       16%         1
 Ensorcelled Hibernation  Hex/Ice        22%        N/A       24%         2
 Jinxbite                 Hex            22%        N/A       24%         2
 Manifold Assault         Tloc           28%        N/A       30%         4
 Passage of Golubria      Tloc           28%        N/A       30%         4
 Ignite Poison            Fire/Alch      13%        N/A       32%         4
 Sticky Flame             Fire/Alch      13%        2d5       32%         4
 Call Canine Familiar     Summ           11%        N/A       43%         3
 Confusing Touch          Hex            11%        N/A       43%         3
 Fugue of the Fallen      Necr           11%        N/A       43%         3
 Ozocubu's Armour         Ice            11%        N/A       43%         3
 Sigil of Binding         Hex            11%        N/A       43%         3
 Summon Ice Beast         Ice/Summ       11%        N/A       43%         3
 Tukima's Dance           Hex            11%        N/A       43%         3
 Dimensional Bullseye     Hex/Tloc       10%        N/A       56%         4
 Vhi's Electric Charge    Tloc/Air       40%        N/A       56%         4
 Yara's Violent Unravell  Hex/Alch       5%         3d4       69%         5
 Summon Blazeheart Golem  Fire/Summ      13%        N/A       80%         4
 Anguish                  Hex/Necr       5%         N/A       83%         4
 Cause Fear               Hex            5%         N/A       83%         4
 Alistair's Intoxication  Alch           7%         N/A       99%         5
 Summon Mana Viper        Hex/Summ       11%        N/A       99%         5
 Plasma Beam              Fire/Air       6%         2x1d17    99%         6
 Enfeeble                 Hex            5%         N/A       100%        7
 Monstrous Menagerie      Summ           5%         N/A       100%        7
 Ignition                 Fire           7%         3d4       100%        8


Dungeon Overview and Level Annotations

Branches:
Dungeon (15/15)            Temple (1/1) D:7            Lair (0/5) D:8
    Orc (0/2) D:12         Vaults (0/5) D:13         Bailey (visited)
Gauntlet (visited)
 Depths: D:15

Altars:
Ashenzari
Cheibriados
Dithmenos
Elyvilon
Fedhas
Gozag
Hepliaklqana
Kikubaaqudgha
Makhleb
Nemelex Xobeh
Okawaru
Qazlal
Ru
Sif Muna
Trog
Uskayaw
Vehumet
Wu Jian
Xom
Yredelemnul
Zin
The Shining One

Shops:
D:3 *   D:7 (

Annotations:
D:3 Terence
D:11 1 runed translucent door, Doomgape's ghost, journeyman GrFi
D:12 Eitelfritz's ghost, journeyman FoFi
D:15 Louise
Temple 4 transporters


Innate Abilities, Weirdness & Mutations

You are immune to sickness and miasma.
Your stone body is resilient. (AC +11)
You are immune to poison.
Your large and strong wings let you fly.
You resist negative energy. (rN+)
You are resistant to electric shocks. (rElec)
You are resistant to unholy torment.
You are immune to petrification.
((You are occasionally teleported next to monsters.))
[Your magical capacity is very low. (-20% MP)]
[You occasionally lose the ability to read scrolls when taking damage.]


Message History

Your system completely accepts the healing effects of potions.
The white very ugly thing stings you but does no damage.
A starcursed mass splits.
The large abomination hits you!!
* * * LOW HITPOINT WARNING * * *
The smoke demon gestures at you.
The ball of steam hits you but does no damage.
The large abomination attacks as it pursues you!
The large abomination hits you but does no damage.
Unknown command.
Casting: Iskenderun's Mystic Blast (mildly dangerous; 1% risk of failure)
Confirm with . or Enter, or press ? or * to list all spells.
You erupt in a blast of force!
The mystic blast hits the starcursed mass!
The starcursed mass is moderately damaged.
The starcursed mass is knocked back by the mystic blast.
The starcursed mass slams into the rock wall!
The mystic blast hits the death knight.
The death knight is lightly wounded.
The death knight is knocked back by the mystic blast.
The death knight slams into the stone wall!
The death knight is lightly wounded.
The mystic blast hits the smoke demon!
The smoke demon is severely wounded.
The smoke demon is knocked back by the mystic blast.
The mystic blast hits the white very ugly thing!
The white very ugly thing is heavily wounded.
The white very ugly thing is knocked back by the mystic blast.
The white very ugly thing slams into the stone wall!
The mystic blast hits the starcursed mass!
The starcursed mass is almost destroyed.
The mystic blast hits the large abomination!
The large abomination is heavily damaged.
The large abomination is knocked back by the mystic blast.
The starcursed mass shudders and is absorbed by its neighbour.
The death knight reflects your damage back at you!
* * * LOW HITPOINT WARNING * * *
You are engulfed in a cloud of scalding steam.
You are engulfed in a cloud of scalding steam.
A chorus of shrieks assaults your mind.
You die...

# X . X # i.
##. .#### W#
# . .. .#.#
X# # X
.##.##X# #..
#..X.## # .#.
.#..##u#.#
#.. .#§§#.##
# ####§..X.#
. #@#3..## #
. ##
#..XXXp## . #
# #.
.##.....#
.p.##.
#.#....#..#.#
#. .##
.####.....##
.. ...#
...X..
...#... ##
#.#.## ..#u#X
#..###.
......##..X #
.##..# #.#
.X.#.# #....#
.


You could see 4 starcursed masses, a white very ugly thing, a death knight
(reflects damage) and a large abomination.

Vanquished Creatures
  A tentacled starspawn (Abyss:2)
  Agnes (D:15)
  A minotaur (Gauntlet)
  Fannar (D:12)
  2 hydras
  4 two-headed ogres
  9 centaur warriors
  A catoblepas (D:14)
  A boulder beetle (D:11)
  A thrashing horror (Abyss:2)
  A sun demon (Abyss:2)
  A wretched star (Abyss:2)
  5 skeletal warriors (D:14)
  A deep elf archer (D:13)
  The ghost of riffraff the Covered, a novice AtFi of Okawaru (D:7)
  Pikel (D:6)
  4 deep elf pyromancers
  A deep elf zephyrmancer (D:13)
  An orc knight (D:15)
  8 ugly things
  4 large abominations (Abyss:2)
  An orc sorcerer (D:15)
  A wolf spider (D:15)
  4 manticores
  8 cyclopes
  A dire elephant zombie (Abyss:2)
  Maggie (D:6)
  2 unseen horrors
  3 kobold demonologists
  2 komodo dragons (D:8)
  Psyche (D:8)
  3 yaktaurs (D:13)
  5 trolls
  A hellwing (Abyss:2)
  2 hornets
  Grinder (D:3)
  12 slime creatures
  2 shadows
  A ynoxinul (Abyss:2)
  24 yaks
  3 wyverns (D:9)
  A vampire (D:12)
  2 water elementals
  2 wraiths
  A spriggan (Bailey)
  Eustachio (D:4)
  A golden eye (shapeshifter) (D:9)
  2 steam dragons
  A basilisk (D:12)
  2 neqoxecs (Abyss:2)
  2 vampire mosquitoes
  A chaos spawn (Abyss:2)
  Edmund (D:6)
  A water moccasin (D:6)
  5 acid dragons
  A black bear (shapeshifter) (D:14)
  6 orc warriors
  7 laughing skulls
  An ettin simulacrum (Abyss:2)
  2 small abominations (Abyss:2)
  8 ogres
  11 centaurs
  A boggart (D:13)
  A lemure (D:6)
  2 phantoms
  12 kobold brigands
  2 weeping skulls (Abyss:2)
  8 bullfrogs
  3 scorpions
  14 wights
  8 killer bees
  A howler monkey (D:5)
  A bombardier beetle (D:3)
  A bombardier beetle (shapeshifter) (D:13)
  A hound (D:6)
  2 jellies
  Crazy Yiuf (D:6)
  4 orc priests
  2 starcursed masses (Abyss:2)
  Jessica (D:3)
  4 iguanas
  10 orc wizards
  A gnoll (D:1)
  3 adders
  A shadow imp (D:8)
  2 white imps
  36 orcs
  3 ball pythons
  7 endoplasms
  A giant cockroach (D:1)
  10 goblins
  3 hobgoblins
  6 jackals
  39 kobolds
  2 quokkas
  8 bats
  3 frilled lizards (D:2)
  3 rats
  2 starspawn tentacles (Abyss:2)
396 creatures vanquished.

Vanquished Creatures (collateral kills)
  A quicksilver ooze (Gauntlet)
  A dire elephant (Gauntlet)
  Snorg (D:14)
  2 elephants (Gauntlet)
  3 slime creatures (D:12)
8 creatures vanquished.

Vanquished Creatures (others)
  A deep elf zephyrmancer (D:13)
  2 cyclopes
  An ugly thing (D:9)
  A slime creature (D:14)
  A vampire (D:9)
  2 small abominations (Abyss:2)
  A kobold (D:13)
  A lurking horror (Abyss:2)
  2 starspawn tentacles (Abyss:2)
12 creatures vanquished.

Grand Total: 416 creatures vanquished

Notes
Turn   | Place    | Note
-------+----------+-------------------------------------------
     0 | D:1      | Ijustatesigmund the Gargoyle Earth Elementalist began the
                  | quest for the Orb.
     0 | D:1      | Reached XP level 1. HP: 10/10 MP: 3/3
    18 | D:1      | Found a faded altar of an unknown god.
   320 | D:1      | Reached XP level 2. HP: 16/16 MP: 5/5
   342 | D:1      | Reached skill level 1 in Fighting
   401 | D:1      | Reached skill level 4 in Earth Magic
   423 | D:1      | Reached XP level 3. HP: 10/20 MP: 3/6
  1244 | D:2      | Learned a level 3 spell: Stone Arrow
  1445 | D:2      | Reached XP level 4. HP: 26/26 MP: 6/8
  1658 | D:3      | Noticed Grinder
  1663 | D:3      | Killed Grinder
  1664 | D:3      | Reached skill level 5 in Earth Magic
  1664 | D:3      | Reached XP level 5. HP: 30/30 MP: 3/10
  1664 | D:3      | Reached XP level 6. HP: 35/35 MP: 3/11
  1771 | D:3      | Noticed Terence
  2551 | D:3      | Noticed Jessica
  2554 | D:3      | Killed Jessica
  2666 | D:3      | Found Oqeodd's General Store.
  2670 | D:3      | Bought a potion of degeneration for 12 gold pieces
  3189 | D:4      | Noticed Eustachio
  3206 | D:4      | Killed Eustachio
  3207 | D:4      | Reached XP level 7. HP: 39/40 MP: 2/12
  3581 | D:4      | Reached skill level 1 in Evocations
  3754 | D:5      | Entered Level 5 of the Dungeon
  4449 | D:5      | Reached skill level 6 in Earth Magic
  4549 | D:5      | Reached skill level 5 in Conjurations
  4924 | D:5      | Reached XP level 8. HP: 46/46 MP: 1/14
  5946 | D:6      | Noticed Pikel
  5960 | D:6      | Killed Pikel
  5961 | D:6      | Reached skill level 7 in Earth Magic
  6131 | D:6      | Reached skill level 5 in Spellcasting
  6175 | D:6      | Noticed Maggie
  6185 | D:6      | Killed Maggie
  6186 | D:6      | Reached XP level 9. HP: 5/53 MP: 4/16
  6407 | D:6      | Reached skill level 1 in Armour
  6613 | D:6      | Found a glowing golden altar of the Shining One.
  7097 | D:6      | Found a runed translucent door.
  7098 | D:6      | Noticed Crazy Yiuf
  7151 | D:6      | Noticed Edmund
  7159 | D:6      | Killed Edmund
  7595 | D:6      | Killed Crazy Yiuf
  7733 | D:7      | Reached skill level 1 in Maces & Flails
  7810 | D:7      | Found a flagged portal.
  7823 | D:7      | Reached skill level 5 in Armour
  7824 | D:7      | Found Cocuid's Weapon Shoppe.
  7828 | Bailey   | Entered a bailey
  8485 | Bailey   | Noticed a two-headed ogre
  8490 | Bailey   | Killed a two-headed ogre
  8491 | Bailey   | Reached XP level 10. HP: 44/58 MP: 1/17
  8609 | Bailey   | Reached skill level 5 in Maces & Flails
  8831 | Bailey   | Identified the +1 steam dragon scales of Card Tricks {rN+
                  | Will++}
  8836 | Bailey   | Identified the +5 fire dragon scales of the Armoured One
                  | {rElec rF++ rC- Str-4 Dex+4 Stlth+}
  8841 | Bailey   | Identified the quicksilver dragon scales "Giuheam" {rC+
                  | Will+ Regen+}
  8842 | Bailey   | Identified the +4 rapier "Ymumeiq" {venom, Will+ Str+3
                  | Dex-2}
  8981 | D:7      | Reached skill level 5 in Fighting
  9003 | D:7      | Found a staircase to the Ecumenical Temple.
  9045 | Temple   | Found a transporter.
  9045 | Temple   | Found a transporter.
  9045 | Temple   | Found a transporter.
  9045 | Temple   | Found a transporter.
  9045 | Temple   | Entered the Ecumenical Temple
  9122 | D:7      | Reached skill level 9 in Earth Magic
  9122 | D:7      | Reached XP level 11. HP: 67/67 MP: 18/21
  9301 | D:7      | Found a runed translucent door.
  9309 | D:7      | Identified a scroll of acquirement
  9309 | D:7      | Acquired the +1 pair of gloves of Conscience {Will- Regen+
                  | SInv}
  9347 | D:7      | Noticed riffraff's ghost (novice AtFi)
  9604 | D:7      | Killed riffraff's ghost
  9709 | D:8      | Noticed Psyche
  9714 | D:8      | Killed Psyche
  9812 | D:8      | Reached skill level 10 in Earth Magic
 10553 | D:8      | Found a staircase to the Lair.
 10601 | D:8      | Found a shimmering blue altar of Sif Muna.
 10603 | D:8      | Found an ancient bone altar of Kikubaaqudgha.
 10609 | D:8      | Found a sparkling altar of Nemelex Xobeh.
 10612 | D:8      | Found an ornate altar of the Wu Jian Council.
 10614 | D:8      | Found a snail-covered altar of Cheibriados.
 10619 | D:8      | Found a glowing silver altar of Zin.
 10809 | D:9      | Reached XP level 12. HP: 59/75 MP: 24/24
 10919 | D:9      | Reached skill level 11 in Earth Magic
 10961 | D:9      | Noticed a centaur warrior
 10993 | D:9      | Reached skill level 10 in Conjurations
 11002 | D:9      | Killed a centaur warrior
 11052 | D:9      | Got Sif Muna's Parchment of Interference
 11056 | D:9      | Identified the +3 leather armour "Xetyneu" {rF+ Str+6
                  | Int+2}
 11112 | D:9      | Found a hide-covered altar of Uskayaw.
 11147 | D:9      | Found a white marble altar of Elyvilon.
 11356 | D:9      | Found a radiant altar of Vehumet.
 11364 | D:9      | Became a worshipper of Vehumet
 11392 | D:9      | Noticed a centaur warrior
 11392 | D:9      | Noticed a five-headed hydra
 11393 | D:9      | Noticed a centaur warrior
 11920 | D:10     | Entered Level 10 of the Dungeon
 11920 | D:10     | Noticed a two-headed ogre
 11926 | D:10     | Killed a two-headed ogre
 12149 | D:10     | Reached * piety under Vehumet
 12149 | D:10     | Offered knowledge of Shock by Vehumet.
 12347 | D:10     | Reached skill level 10 in Fighting
 12728 | D:10     | Reached skill level 12 in Earth Magic
 12825 | D:10     | Noticed a two-headed ogre
 12831 | D:10     | Killed a two-headed ogre
 13124 | D:11     | Noticed a two-headed ogre
 13124 | D:11     | Found a runed translucent door.
 13130 | D:11     | Killed a two-headed ogre
 13310 | D:11     | Found a gate leading to a gauntlet.
 13319 | Gauntlet | Entered a Gauntlet
 13319 | Gauntlet | Found a transporter.
 13323 | Gauntlet | Noticed a quicksilver ooze
 13329 | Gauntlet | Found a transporter.
 13333 | Gauntlet | Noticed a quicksilver ooze
 13334 | Gauntlet | Found a transporter.
 13334 | Gauntlet | Found a transporter.
 13337 | Gauntlet | Found a transporter.
 13338 | Gauntlet | Found a transporter.
 13346 | Gauntlet | Found a transporter.
 13348 | Gauntlet | Found a transporter.
 13359 | Gauntlet | Noticed a dire elephant
 13412 | Gauntlet | Killed a quicksilver ooze
 13413 | Gauntlet | Reached XP level 13. HP: 79/83 MP: 15/26
 13468 | Gauntlet | Killed a dire elephant
 13509 | Gauntlet | Noticed a minotaur
 13522 | Gauntlet | Killed a minotaur
 13659 | Gauntlet | Identified the +0 plate armour of Minim {rC- Int+4}
 13659 | Gauntlet | Identified the +5 scale mail "Etinijem" {^Contam rElec
                  | rC+++ rCorr}
 13659 | Gauntlet | Identified the +3 falchion of Awkwardness {speed, *Rage
                  | +Blink rF- Int+10}
 13742 | D:11     | Offered knowledge of Kiss of Death by Vehumet.
 13745 | D:11     | Reached ** piety under Vehumet
 13757 | D:11     | Noticed Doomgape's ghost (journeyman GrFi)
 13773 | D:11     | Reached skill level 1 in Shields
 14059 | D:11     | Identified the +6 flail of Dishonour {antimagic, Str+2
                  | Stlth+}
 14548 | D:9      | Reached skill level 13 in Earth Magic
 14549 | D:9      | Reached skill level 10 in Spellcasting
 14736 | D:9      | Identified the +5 ring mail of an ice cave {Harm}
 14812 | D:12     | Found a staircase to the Orcish Mines.
 15111 | D:12     | Offered knowledge of Static Discharge by Vehumet.
 15248 | D:12     | Noticed Fannar
 15272 | D:12     | Killed Fannar
 15308 | D:12     | Reached *** piety under Vehumet
 15586 | D:12     | Found a runed translucent gate.
 15587 | D:12     | Found a runed translucent gate.
 15587 | D:12     | Noticed Eitelfritz's ghost (journeyman FoFi)
 15588 | D:12     | Found a runed translucent gate.
 16141 | D:13     | Reached skill level 5 in Dodging
 16520 | D:13     | Gained mutation: Your large and strong wings let you fly.
                  | [Gargoyle growth]
 16520 | D:13     | Reached XP level 14. HP: 56/88 MP: 28/28
 16606 | D:13     | Offered knowledge of Inner Flame by Vehumet.
 17576 | D:13     | Found a gate to the Vaults.
 17646 | D:14     | HP: 4/88 [burnt (15)]
 17651 | D:14     | Noticed Snorg
 17720 | D:14     | Killed Snorg
 17858 | D:14     | Identified the +5 falchion of the Weasel {flame, rN+}
 17950 | D:14     | Learned a level 4 spell: Iskenderun's Mystic Blast
 18306 | D:14     | Reached skill level 1 in Translocations
 18726 | D:14     | Reached **** piety under Vehumet
 19036 | D:15     | Entered Level 15 of the Dungeon
 19111 | D:15     | Offered knowledge of Freezing Cloud by Vehumet.
 19173 | D:15     | Noticed Agnes
 19410 | D:15     | Noticed Louise
 19431 | D:15     | Killed Agnes
 19436 | Abyss:2  | Cast into level 2 of the Abyss (Louise)
 19730 | Abyss:2  | Gained mutation: You are occasionally teleported next to
                  | monsters. [a neqoxec]
 19987 | Abyss:2  | Noticed a balrug
 19991 | Abyss:2  | Noticed a tentacled starspawn
 19994 | Abyss:2  | HP: 2/88 [balrug/divine providence (10)]
 20068 | Abyss:2  | Found a corrupted altar of Lugonu.
 20077 | Abyss:2  | Found a corrupted altar of Lugonu.
 20094 | Abyss:2  | Noticed a tentacled starspawn
 20114 | Abyss:2  | Killed a tentacled starspawn
 20115 | Abyss:2  | Reached XP level 15. HP: 82/93 MP: 20/23
 20122 | Abyss:2  | Learned a level 6 spell: Starburst
 20126 | Abyss:2  | Learned a level 3 spell: Passwall
 20205 | Abyss:2  | Found a corrupted altar of Lugonu.
 20247 | Abyss:2  | Killed from afar by a starcursed mass

Illustrated notes

Levels and vault maps discovered:
D:1:      dpeg_arrival_line_fractal, layout_basic, ebering_ecumenical_altar_box,
          chequers_serial_rivers_room_a
D:2:      layout_loops_corners
D:3:      layout_basic, serial_shops, nicolae_shop_back_alley_shop,
          kennysheep_jessica_study, uniq_grinder, uniq_terence, uniq_jessica
D:4:      layout_cave_pools, uniq_eustachio
D:5:      layout_basic, kennysheep_decorative_pillar
D:6:      layout_gridville, kennysheep_mini, uniq_edmund, uniq_maggie,
          uniq_crazy_yiuf_cottage, uniq_pikel
D:7:      layout_cave_pools, minmay_temple_entry_gardened_gates, serial_shops,
          nicolae_shop_tiny_waterfront, enter_bailey_5, gammafunk_ghost_grave
D:8:      layout_rooms, nicolae_overflow_hallway_of_the_gods,
          grunt_lair_entry_orc_guard_hut, uniq_psyche
D:9:      minmay_the_grid_octo_tiled_octocenter
          [minmay_the_grid_octo_checkerflower, minmay_the_grid_octo_checkered,
          minmay_the_grid_octo_vomiting_pacman, minmay_the_grid_octo_odd_swirl,
          minmay_the_grid_octo_prize_square_snowflake,
          minmay_the_grid_square_5x5_empty, minmay_the_grid_square_5x5_percent,
          minmay_the_grid_square_5x5_one_wall,
          minmay_the_grid_square_5x5_sharp_hourglass], layout_grid_maze,
          vehumet_crystals, mainiacjoe_overflow_small_starburst, minivault_12
D:10:     layout_layer_cave, minmay_fractal_squares_5
D:11:     layout_cave_pools, gauntlet_entry_generic,
          hellmonk_ghost_happy_afterlife
D:12:     layout_long_grid, orc_0_dummy, ebering_ghost_rock_garden, uniq_fannar
D:13:     layout_stronghold, hangedman_vaults_entry_quadrant_bands,
          serial_bayou_lagoon_a
D:14:     layout_loops_ring, dreamdust_princess_bridge, uniq_snorg
D:15:     grunt_enter_depths_hoard, layout_basic, serial_shops,
          nicolae_shop_hallway_stairs, nicolae_twisty_statue_hallways,
          chequers_serial_rivers_small_a, uniq_agnes, uniq_louise, uniq_roxanne
Temple:   hellmonk_temple_divided_pantheon
Abyss:2:  base: D:6, evilmike_abyss_exit_8, evilmike_abyss_exit_plants,
          evilmike_abyss_exit_10

Skill      XL: |  1  2  3  4  5  6  7  8  9 10 11 12 13 14 |
---------------+-------------------------------------------+-----
Fighting       | 1 2 3 4 7 8 10 | 10.5
Earth Magic    | 4 5 6 7 9 10 12 13 | 13.1
Spellcasting   | 3 4 5 7 8 9 10 | 10.8
Conjurations   | 3 4 5 6 8 9 11 12 | 12.8
Evocations     | 2 3 |  3.5
Armour         | 7 |  7.4
Maces & Flails | 4 5 6 |  6.9
Shields        | 3 |  3.5
Dodging        | 6 8 |  8.0
Translocations | 3 |  3.8
Stealth        | |  2.1
Fire Magic     | |  0.4

Action                     |  1- 3 |  4- 6 |  7- 9 | 10-12 | 13-15 || total
---------------------------+-------+-------+-------+-------+-------++-------
  Melee: Unarmed           |    14 |       |       |       |       ||    14
         Dagger            |     9 |    25 |     6 |       |       ||    40
         Spear             |       |       |    11 |       |       ||    11
         Halberd           |       |       |    64 |       |       ||    64
         Flail             |       |       |     8 |   652 |    19 ||   679
         Punch             |       |       |       |    15 |       ||    15
         Morningstar       |       |       |       |       |   863 ||   863
   Cast: Sandblast         |    34 |    26 |    27 |     7 |       ||    94
         Stone Arrow       |       |     6 |    66 |    54 |    51 ||   177
         Iskenderun's Myst |       |       |       |       |    25 ||    25
         Passwall          |       |       |       |       |     3 ||     3
  Evoke: Wand              |       |     1 |     8 |     5 |    54 ||    68
         Phantom mirror    |       |       |       |       |     1 ||     1
    Use: Scroll            |       |     4 |     8 |    14 |    27 ||    53
         Potion            |       |     1 |     1 |     2 |    14 ||    18
   Stab: Sleeping          |     2 |     1 |       |       |       ||     3
         Invisible         |       |       |       |       |     1 ||     1
 Armour: Robe              |    20 |    23 |    72 |       |       ||   115
         Swamp dragon scal |       |       |    15 |     2 |       ||    17
         Quicksilver drago |       |       |       |  1160 |  1420 ||  2580
  Dodge: Dodged            |    26 |    17 |    58 |   725 |   686 ||  1512
  Block: Buckler           |       |       |       |       |   427 ||   427
